 Dungeon Crawl Stone Soup version 0.24.1-11-gbbbb2193e6 (webtiles) character file.

Game seed: 10814899627525027916, levelgen mode: deterministic

765 Gwenloh the Chucker (level 7, -6/67 HPs)
             Began as a Troll Hunter on May 11, 2020.
             Was an Initiate of Ashenzari.
             Mangled by an orc warrior
             ... wielding a +0 scimitar
              (16 damage)
             ... on level 5 of the Dungeon.
             The game lasted 00:22:49 (4216 turns).

Gwenloh the Chucker (Troll Hunter)                  Turns: 4216, Time: 00:22:50

Health: -6/67      AC:  6    Str: 21    XL:     7   Next: 51%
Magic:  6/6        EV: 11    Int:  7    God:    Ashenzari [......]
Gold:   263        SH:  0    Dex: 12    Spells: 6/6 levels left

rFire    . . .     SeeInvis .   x - +0 giant club
rCold    . . .     Gourm    +   (shield currently unavailable)
rNeg     . . .     Faith    .   b - +0 robe (curse)
rPois    .         Spirit   .   (helmet restricted)
rElec    .         Reflect  .   (no cloak)
rCorr    .         Harm     .   (gloves unavailable)
MR       .....                  (boots unavailable)
Stlth    +.........             (no amulet)
HPRegen  0.61/turn              (no ring)
MPRegen  0.10/turn              (no ring)

@: no status effects
A: large, unfitting armour, claws 3, fast metabolism 3, gourmand, regeneration
1, shaggy fur 1, tough skin 3
a: Curse Item, Renounce Religion


You were on level 5 of the Dungeon.
You worshipped Ashenzari.
Ashenzari was noncommittal.
You were completely stuffed.

You visited 2 branches of the dungeon, and saw 7 of its levels.

You collected 263 gold pieces.

Inventory:

Hand Weapons
 p - a +0 mace
 x - a +0 giant club (weapon)
Missiles
 c - 4 large rocks
 d - 2 throwing nets
 i - 85 stones
 q - a javelin
 v - 5 datura-tipped darts (quivered)
 y - 5 poisoned darts
Armour
 b - a cursed +0 robe (worn)
Jewellery
 j - an uncursed ring of fire
Wands
 u - a wand of paralysis (7)
 A - a wand of digging (4)
 C - a wand of acid (6)
Scrolls
 a - 5 scrolls of remove curse
 g - a scroll of immolation
 h - a scroll of enchant armour
 l - 2 scrolls of random uselessness
 n - 3 scrolls of magic mapping
 o - 2 scrolls of enchant weapon
 r - a scroll of amnesia
 s - 2 scrolls of teleportation
 t - 2 scrolls of fog {unknown}
 w - a scroll of noise {unknown}
 D - a scroll of identify
Potions
 e - 2 potions of curing {unknown}
 m - 3 potions of degeneration {unknown}
 z - a potion of ambrosia {unknown}
 B - a potion of haste {unknown}
Comestibles
 f - 10 rations
 k - a chunk of flesh


   Skills:
 + Level 3.2 Fighting
 * Level 4.0 Maces & Flails
 * Level 5.8 Throwing
 + Level 3.1 Dodging
 - Level 0.3 Stealth


You had 6 spell levels left.
You didn't know any spells.
Your spell library was empty.

Dungeon Overview and Level Annotations

Branches:
Dungeon (6/15)             Temple (1/1) D:5

Altars:
Ashenzari
Cheibriados
Elyvilon
Gozag
Hepliaklqana
Kikubaaqudgha
Makhleb
Nemelex Xobeh
Qazlal
Sif Muna
Trog
Vehumet
Wu Jian
Xom
Zin
The Shining One


Innate Abilities, Weirdness & Mutations

You are too large for most types of armour.
You have claws for hands.
Your metabolism is lightning-fast.
You like to eat raw meat.
Your natural rate of healing is unusually fast.
You are covered in fur. (AC +1)
You have extremely tough skin. (AC +3)


Message History

Aim: an orc warrior, wielding a +0 scimitar and wearing a +0 plate armour (hasn't noticed you, chance to frenzy on hit: 75%)
You throw a datura-tipped dart.
The datura-tipped dart hits the orc warrior!
The orc warrior flies into a frenzy!
No target in view!
The orc warrior shouts!
The orc warrior refuses to make way for you. (Use ctrl+direction or * direction to attack.)
The orc warrior refuses to make way for you. (Use ctrl+direction or * direction to attack.)
The orc warrior refuses to make way for you. (Use ctrl+direction or * direction to attack.)
The orc warrior refuses to make way for you. (Use ctrl+direction or * direction to attack.) Unknown command.
The orc warrior hits you with a +0 scimitar.
The orc warrior hits you with a +0 scimitar! x2
You see here a poisoned dart.
The orc warrior hits you with a +0 scimitar!!
* * * LOW HITPOINT WARNING * * *
You see here a poisoned dart.
The orc warrior closely misses you.
The orc warrior hits you with a +0 scimitar!
You die...

.## ##.....#........# #
.#####..#.#......#.### #
..##....#.#..#...#.### #
..........).###...>..############
..........[.# #..##.....##.......
#.........#.###..####.......#####
#.........#......#..##.###..#
....#..##...........#### ####
..###...##..###.@...#
..####.....###.o...##
..##...#...#.......#
......).....(..(.#.##
.......#....(.((....##
.......##.##..>.....<#
.#.....##.###.......##
.#.....#### ###.#...# ......##
####.##


You could see a neutral orc warrior (insane).

Vanquished Creatures
  A sky beast (D:5)
  An ice beast (D:5)
  An ogre (D:4)
  A scorpion (D:4)
  3 hounds
  A bullfrog skeleton (D:4)
  3 orc priests
  An orc wizard (D:5)
  3 worker ants
  Robin (D:2)
  4 adders
  An ooze (D:2)
  4 worms
  A leopard gecko (D:5)
  3 orcs (D:5)
  5 ball pythons
  8 bats
  7 giant cockroaches
  15 goblins
  13 hobgoblins
  3 quokkas
  4 frilled lizards
  A jackal zombie (D:5)
  5 kobolds
  6 rats
96 creatures vanquished.

Notes
Turn   | Place    | Note
-------+----------+-------------------------------------------
     0 | D:1      | Gwenloh the Troll Hunter began the quest for the Orb.
     0 | D:1      | Reached XP level 1. HP: 19/19 MP: 0/0
   164 | D:1      | Reached XP level 2. HP: 28/28 MP: 1/1
   402 | D:1      | Reached skill level 4 in Throwing
   759 | D:2      | Reached XP level 3. HP: 35/35 MP: 2/2
   833 | D:2      | Reached skill level 1 in Maces & Flails
  1032 | D:2      | Noticed Robin
  1043 | D:2      | Reached XP level 4. HP: 42/42 MP: 3/3
  1056 | D:2      | Killed Robin
  1197 | D:2      | Found a snail-covered altar of Cheibriados.
  1853 | D:3      | Found an opulent altar of Gozag.
  1890 | D:3      | Found a faded altar of an unknown god.
  2399 | D:4      | Found a white marble altar of Elyvilon.
  2438 | D:4      | Noticed an ogre
  2447 | D:4      | Killed an ogre
  2447 | D:4      | Reached XP level 5. HP: 16/50 MP: 4/4
  2587 | D:4      | Reached XP level 6. HP: 46/59 MP: 5/5
  2633 | D:4      | Reached skill level 5 in Throwing
  2929 | D:4      | Found a sparkling altar of Nemelex Xobeh.
  3025 | D:5      | Entered Level 5 of the Dungeon
  3025 | D:5      | Noticed an ice beast
  3035 | D:5      | Killed an ice beast
  3133 | D:5      | Found a staircase to the Ecumenical Temple.
  3142 | Temple   | Entered the Ecumenical Temple
  3348 | Temple   | Became a worshipper of Ashenzari the Shackled
  3393 | D:5      | Noticed a sky beast
  3413 | D:5      | Killed a sky beast
  3413 | D:5      | Reached XP level 7. HP: 6/67 MP: 6/6
  4071 | D:6      | Found a white marble altar of Elyvilon.
  4216 | D:5      | Mangled by an orc warrior

Levels and vault maps discovered:
D:1:      minmay_arrival_plants_in_alcoves, layout_basic
D:2:      layout_loops_cross, cheibriados_altar_1, uniq_robin
D:3:      layout_loops_ring, first_ration, chequers_ecumenical_altar_island,
          grunt_gozag_statues
D:4:      layout_basic, nemelex_xobeh_ov_fountains_minmay, elyvilon_altar_1
D:5:      layout_cave_pools, minmay_temple_entry_slanted, nicolae_sextant
D:6:      layout_cave_pools, yredelemnul_forgotten_temple_becter, basic_altar,
          st_stairs_8, grunt_ministairs_7, kennysheep_generic_room_14,
          uniq_crazy_yiuf_cottage, uniq_duvessa
Temple:   nicolae_temple_figure_eight

Skill      XL: |  1  2  3  4  5  6  7 |
---------------+----------------------+-----
Throwing       | 4 5 |  5.8
Fighting       | 2 3 |  3.2
Dodging        | 2 3 |  3.1
Maces & Flails | 1 2 3 4 |  4.0
Stealth        | |  0.3

Action                   |  1- 3 |  4- 6 |  7- 9 || total
-------------------------+-------+-------+-------++-------
Melee: Short sword       |    50 |       |       ||    50
       Club              |    56 |       |       ||    56
       Mace              |    45 |    91 |       ||   136
       Giant club        |       |    25 |    25 ||    50
Throw: Stone             |    22 |    22 |       ||    44
       Large rock        |     4 |     7 |       ||    11
       Javelin           |       |    38 |     2 ||    40
       Dart              |       |     8 |    44 ||    52
Invok: Curse Item        |       |     1 |       ||     1
  Use: Scroll            |       |     7 |       ||     7
  Eat: Chunk             |    16 |    15 |    14 ||    45
Armor: Robe              |   105 |    38 |     5 ||   148
Dodge: Dodged            |   118 |    57 |    13 ||   188
